Map: Lerilak Crest

Players

LilDicky - Winner!

  • Race: Terran Terran
  • League: Diamond

MonOo

  • Race: Protoss Protoss
  • League: Platinum

VOD

http://www.twitch.tv/tumescentpie

Description

Time

  • Played on: Nov. 28, 2015, 12:04 a.m.
  • Length: 6:14
Show
View Real Time Build Order
Export as new Build Order

LilDicky Terran - Winner!

Build Orders: MMM Bio 

Get SALT Encoding   

  12  0:04  SCV  
  13  0:16  SCV  
  13  0:20  Supply Depot  
  14  0:30  Refinery  
  14  0:31  SCV  
  15  0:43  SCV  
  15  0:46  Barracks  
  16  0:59  SCV  
  17  1:11  SCV  
  18  1:23  SCV  
  19  1:33  Marine  
  19  1:34  Supply Depot  
  19  1:36  Orbital Command  
  20  1:52  Marine  
  21  2:00  Barracks  
  21  2:02  SCV, Barracks  
  21  2:07  Refinery  
  22  2:19  Factory  
  22  2:21  SCV  
  23  2:30  Barracks Reactor  
  23  2:38  SCV  
  24  2:50  SCV  
  24  2:53  Barracks Tech Lab x2  
  24  2:58  Supply Depot  
  24  3:06  SCV  
  24  3:10  Marine x2  
  24  3:12  Combat Shields, Stimpack  
  27  3:16  Marine  
  27  3:17  Marine  
  28  3:22  Widow Mine  
  28  3:24  SCV  
  31  3:35  Marine x3  
  34  3:45  Marine  
  34  3:48  SCV  
  35  3:50  Widow Mine  
  35  3:52  Marine  
  38  3:59  Marine  
  39  4:07  Supply Depot  
  39  4:12  Marine  
  39  4:13  SCV, Marauder  
  43  4:25  SCV  
  44  4:40  Marine  
  44  4:41  Marauder  
  44  4:42  Marauder  
  44  4:45  Starport  
  49  4:48  Supply Depot  
  47  5:01  Marine  
  47  5:02  Marine  
  47  5:03  Marauder  
  50  5:07  SCV  
  50  5:09  Concussive Shells, Marine  
  51  5:14  Supply Depot  
  51  5:19  SCV  
  52  5:24  Marauder  
  52  5:28  Marauder  
  55  5:51  Marine  
  55  5:52  Marauder, Marine  
  55  5:53  Marauder  
Show
View Real Time Build Order
Export as new Build Order

MonOo Protoss 

Build Orders: 1 Gate Expand 

Get SALT Encoding   

  12  0:01  Probe (Chrono Boost)  
  13  0:12  Probe (Chrono Boost)  
  14  0:21  Pylon  
  14  0:23  Probe (Chrono Boost)  
  15  0:39  Probe (Chrono Boost)  
  15  0:40  Gateway  
  16  0:45  Assimilator  
  17  0:50  Probe (Chrono Boost)  
  17  1:00  Probe (Chrono Boost)  
  18  1:11  Probe (Chrono Boost)  
  19  1:23  Nexus  
  19  1:27  Probe (Chrono Boost)  
  20  1:38  Cybernetics Core  
  20  1:42  Probe (Chrono Boost)  
  21  1:50  Assimilator  
  21  1:56  Pylon  
  21  1:57  Probe (Chrono Boost)  
  22  2:08  Probe (Chrono Boost)  
  23  2:15  Stalker (Chrono Boost)  
  25  2:19  Mothership Core (Chrono Boost)  
  25  2:20  Warp Gate  
  27  2:36  Pylon  
  26  2:37  Probe  
  26  2:39  Probe  
  28  2:47  Stalker (Chrono Boost), Probe  
  31  2:56  Twilight Council  
  31  3:00  Probe  
  32  3:06  Probe  
  33  3:13  Probe  
  33  3:15  Pylon  
  33  3:17  Probe  
  35  3:25  Probe  
  36  3:33  Robotics Facility  
  36  3:37  Resonating Glaives  
  36  3:39  Probe  
  37  3:48  Stalker (Chrono Boost), Probe  
  39  3:51  Probe  
  39  3:53  Assimilator  
  40  4:09  Probe  
  40  4:10  Probe  
  40  4:13  Assimilator  
  43  4:24  Observer  
  43  4:32  Probe  
  43  4:34  Probe  
  37  4:43  Probe  
  38  4:49  Probe  
  39  4:53  Probe  
  40  5:04  Probe x2  
  40  5:06  Warp Prism  
  44  5:08  Gateway  
  44  5:10  Gateway  
  44  5:18  Pylon  
  44  5:27  Pylon  
  44  5:28  Probe  
  44  5:29  Probe  
  43  5:36  Stalker  
  31  6:03  Gateway  
  31  6:07  Gateway  
Tags
 
Add a new tag
Caveats
  • Supply blocks, unpowered buildings, or Contaminate may cause inaccurate times.
  • Supply counts are checked every 10 seconds.